 Dungeon Sprint DCSS version 0.29-a0-320-g9f8742066b (webtiles) character file.

Game seed: 8029467602299102500

29887 mhtbhm the Shatterer (level 13, -10/144 HPs)
             Began as a Minotaur Fighter on Apr 2, 2022.
             Was an Initiate of Gozag.
             Shot with an arrow by a satyr (24 damage)
             ... in the Dungeon (Sprint IX: "|||||||||||||||||||||||||||||").
             The game lasted 00:07:49 (4298 turns).

mhtbhm the Shatterer (Minotaur Fighter)             Turns: 4298, Time: 00:07:50

Health: -10/144    AC: 25    Str: 27    XL:     13   Next: 17%
Magic:  12/12      EV: 14    Int:  5    God:    Gozag
Gold:   7797       SH:  7    Dex:  9    Spells: 12/12 levels left

rFire   . . .      SeeInvis .   a - +2 eveningstar (drain)
rCold   + + .      Faith    .   c - +0 buckler
rNeg    . . .      Spirit   .   E - +2 plate armour {rC+}
rPois   .          Reflect  .   (helmet restricted)
rElec   .          Harm     .   (no cloak)
rCorr   +          Rampage  +   x - +1 pair of gloves of Compassion {rC+ rCorr}
Will    .....      NoTele   +   b - +0 pair of boots {rampage}
Stlth   ..........              (no amulet)
HPRegen 0.34/turn               p - +2 ring of evasion
MPRegen 0.13/turn               o - +2 ring of evasion

@: invisible
A: horns 2, retaliatory headbutt
a: Renounce Religion, Potion Petition, Call Merchant, Bribe Branch


You were in the Dungeon.
You worshipped Gozag.
Gozag was greatly pleased with you.
You visited 1 branch You collected 11541 gold pieces.
You spent 2444 gold pieces at shops.
You paid 1300 gold pieces to Gozag.

Inventory:

Hand Weapons
 a - a +2 eveningstar of draining (weapon)
 C - a +1 demon whip of electrocution
 D - a +1 morningstar of protection
Armour
 b - a +0 pair of boots of rampaging (worn)
 c - a +0 buckler (worn)
 m - a +0 pair of gloves
 t - a +0 pair of boots
 x - the +1 pair of gloves of Compassion (worn) {rC+ rCorr}
   (You bought it in a shop in the Dungeon)

   rC:        It protects you from cold.
   rCorr:     It protects you from acid and corrosion.
 E - a +2 plate armour of cold resistance (worn)
Jewellery
 o - a +2 ring of evasion (right hand)
 p - a +2 ring of evasion (left hand)
 y - a ring of protection from fire
 z - a ring of willpower
 A - a ring of ice
 B - a ring of willpower
Scrolls
 j - 2 scrolls of blinking
 k - 2 scrolls of amnesia
 r - 6 scrolls of enchant weapon
 s - 8 scrolls of enchant armour
Potions
 d - a potion of resistance
 e - 4 potions of might
 g - 5 potions of haste
 h - 4 potions of magic
 i - 9 potions of curing
 q - 2 potions of flight
 w - 2 potions of berserk rage


   Skills:
 + Level 21.6 Fighting
 + Level 23.0 Maces & Flails
 + Level 4.1 Throwing
 + Level 19.4 Armour
 + Level 7.8 Dodging
 + Level 6.0 Stealth
 + Level 15.5 Shields
 + Level 0.4 Unarmed Combat
 + Level 4.1 Evocations


You had 12 spell levels left.
You didn't know any spells.
Your spell library was empty.

Dungeon Overview and Level Annotations

Branches:
Dungeon (1/1)

Altars:
Cheibriados
Dithmenos
Elyvilon
Fedhas
Gozag
Hepliaklqana
Kikubaaqudgha
Makhleb
Nemelex Xobeh
Okawaru
Qazlal
Ru
Sif Muna
Trog
Uskayaw
Vehumet
Wu Jian
Xom
Yredelemnul
Zin
The Shining One
Beogh
Jiyva
Lugonu

Shops:
D ![(![


Innate Abilities, Weirdness & Mutations

You have a pair of horns on your head.
You reflexively headbutt those who attack you in melee.


Message History

The satyr shoots an arrow.
The arrow hits you!
* * * LOW HITPOINT WARNING * * *
The snapping turtle hisses angrily.
The snapping turtle is no longer distracted by gold.
The satyr shoots an arrow.
The arrow hits you.
* * * LOW HITPOINT WARNING * * *
Unknown command.
The satyr shoots an arrow.
The arrow completely misses you.
Unknown command.
The satyr shoots an arrow.
The arrow hits you!
* * * LOW HITPOINT WARNING * * *
Unknown command.
You are no longer terrified.
You see here 6 javelins.
You rampage towards the satyr!
You rampage towards the satyr!
The satyr shoots an arrow.
The arrow closely misses you.
You rampage towards the satyr!
You sock the satyr!
The satyr is heavily wounded.
You impale the satyr!! Your headbutt misses the satyr.
The satyr is almost dead.
The satyr shoots an arrow.
The arrow hits you!
* * * LOW HITPOINT WARNING * * *
You miss the satyr.
The satyr is almost dead.
The snapping turtle is distracted by your dazzling golden aura.
The satyr shoots an arrow.
You block the arrow.
The snapping turtle hisses angrily.
You hit the satyr. You drain the satyr.
The satyr is almost dead.
You closely miss the satyr. Your headbutt misses the satyr.
The satyr is almost dead.
The snapping turtle is no longer distracted by gold.
The satyr plays a lulling melody on his pipes!
You struggle to resist.
You barely miss the satyr.
The satyr is almost dead.
The satyr shoots an arrow.
The arrow hits you!!
You die...
Your body crumbles into a pile of gold.

♣▓▓▓▓▓▓▓▓▓▓▓▓▓▓▓▓▓▓▓▓▓▓▓▓
+..(....@ct$$....$.......
♣♣♣♣♣♣♣♣♣▓▓▓▓▓▓▓▓▓▓▓▓▓▓▓▓▓▓▓▓▓▓▓▓
...................).............
▓▓▓▓▓▓▓▓▓▓▓▓▓▓▓▓▓▓▓▓▓▓▓▓▓▓▓▓▓▓▓▓▓
[.[[[[[[[[.)))).))......'........
▓▓▓▓▓▓▓▓▓▓▓▓▓▓▓▓▓▓▓▓▓▓▓▓▓▓▓▓▓▓▓▓▓
..........)......................
▓▓▓▓▓▓▓▓▓▓▓▓▓▓▓▓▓▓▓▓▓▓▓▓▓▓▓▓▓▓▓▓▓
...))['[...)..)))))))............


You could see a satyr (can't see you, drained) and a snapping turtle (can't see
you).

Vanquished Creatures
  Gastronok (D)
  A fire giant (D)
  A stone giant (D)
  2 ettins (D)
  Josephine (D)
  2 hydras (D)
  Erolcha (D)
  An ogre mage (D)
  3 ice dragons (D)
  A catoblepas (D)
  A spriggan air mage (D)
  A centaur warrior (D)
  A merfolk aquamancer (D)
  A two-headed ogre (D)
  A satyr (D)
  Urug (D)
  A spriggan berserker (D)
  6 deep trolls (D)
  A sea snake (D)
  3 orc knights (D)
  A cyclops (D)
  2 ugly things (D)
  A merfolk siren (D)
  A manticore (D)
  A black mamba (D)
  An elephant (D)
  Joseph (D)
  5 cane toads (D)
  An unseen horror (shapeshifter) (D)
  Psyche (D)
  An unseen horror (D)
  5 trolls (D)
  2 merfolk (D)
  A wind drake (shapeshifter) (D)
  A wind drake (D)
  2 yaks (D)
  5 wraiths (D)
  Eustachio (D)
  A wyvern (D)
  2 basilisks (D)
  2 wargs (D)
  An acid dragon (D)
  13 orc warriors (D)
  8 wolves (D)
  A boggart (D)
  2 centaurs (D)
  5 bullfrogs (D)
  A scorpion (D)
  An orc priest (D)
  5 orc wizards (D)
  An adder (D)
  A dart slug (D)
  An adder simulacrum (D)
  5 orcs (D)
  A ball python (D)
  A hobgoblin (D)
  2 quokkas (D)
  A goblin (D)
119 creatures vanquished.

Vanquished Creatures (others)
  A slime creature (D)
1 creature vanquished.

Grand Total: 120 creatures vanquished

Notes
Turn   | Place    | Note
-------+----------+-------------------------------------------
     0 | D        | mhtbhm the Minotaur Fighter began the quest for the Orb.
     0 | D        | Reached XP level 1. HP: 19/19 MP: 0/0
   176 | D        | Noticed an orc wizard
   176 | D        | Noticed a scorpion
   176 | D        | Noticed a centaur
   180 | D        | Reached XP level 2. HP: 17/28 MP: 1/1
   187 | D        | Killed a centaur
   188 | D        | Reached skill level 4 in Maces & Flails
   188 | D        | Reached skill level 1 in Dodging
   188 | D        | Reached XP level 3. HP: 32/38 MP: 2/2
   188 | D        | Reached XP level 4. HP: 38/45 MP: 3/3
   190 | D        | Killed a scorpion
   191 | D        | Reached XP level 5. HP: 45/52 MP: 4/4
   211 | D        | Reached skill level 5 in Maces & Flails
   223 | D        | Found a snail-covered altar of Cheibriados.
   223 | D        | Found a shadowy altar of Dithmenos.
   223 | D        | Found a white marble altar of Elyvilon.
   223 | D        | Found a blossoming altar of Fedhas.
   223 | D        | Found an opulent altar of Gozag.
   224 | D        | Found a hazy altar of Hepliaklqana.
   225 | D        | Found a viscous altar of Jiyva.
   226 | D        | Found an ancient bone altar of Kikubaaqudgha.
   227 | D        | Found a corrupted altar of Lugonu.
   228 | D        | Found a burning altar of Makhleb.
   229 | D        | Found a sparkling altar of Nemelex Xobeh.
   230 | D        | Found an iron altar of Okawaru.
   231 | D        | Became a worshipper of Gozag Ym Sagoz the Greedy
   232 | D        | Found a stormy altar of Qazlal.
   233 | D        | Found a sacrificial altar of Ru.
   234 | D        | Found a shimmering blue altar of Sif Muna.
   235 | D        | Found a bloodstained altar of Trog.
   236 | D        | Found a hide-covered altar of Uskayaw.
   237 | D        | Found a radiant altar of Vehumet.
   238 | D        | Found an ornate altar of the Wu Jian Council.
   239 | D        | Found a shimmering altar of Xom.
   240 | D        | Found a basalt altar of Yredelemnul.
   241 | D        | Found a glowing silver altar of Zin.
   242 | D        | Found a glowing golden altar of the Shining One.
   316 | D        | Noticed a two-headed ogre
   316 | D        | Noticed a yak
   316 | D        | Noticed a wyvern
   316 | D        | Noticed a centaur
   316 | D        | Noticed a troll
   316 | D        | Noticed an orc warrior
   320 | D        | Killed an orc warrior
   321 | D        | Reached skill level 6 in Maces & Flails
   321 | D        | Reached XP level 6. HP: 43/62 MP: 5/5
   323 | D        | Killed a troll
   324 | D        | Reached skill level 7 in Maces & Flails
   324 | D        | Reached skill level 10 in Armour
   324 | D        | Reached skill level 1 in Stealth
   327 | D        | Reached skill level 10 in Fighting
   327 | D        | Reached skill level 8 in Maces & Flails
   327 | D        | Reached XP level 7. HP: 41/72 MP: 6/6
   466 | D        | Killed a wyvern
   471 | D        | Killed a yak
   472 | D        | Reached skill level 9 in Maces & Flails
   472 | D        | Reached skill level 10 in Shields
   477 | D        | Killed a two-headed ogre
   478 | D        | Reached skill level 10 in Maces & Flails
   478 | D        | Reached XP level 8. HP: 29/83 MP: 7/7
   716 | D        | Noticed a centaur warrior
   716 | D        | Noticed a slime creature
   716 | D        | Noticed a fire crab
   716 | D        | Noticed a catoblepas
   723 | D        | Killed a catoblepas
   724 | D        | Reached skill level 12 in Maces & Flails
   724 | D        | Reached skill level 5 in Dodging
   724 | D        | Reached XP level 9. HP: 84/91 MP: 8/8
   726 | D        | Noticed a wind drake
   726 | D        | a fire crab changed into a wind drake
   728 | D        | Killed an unseen horror
   733 | D        | Killed a wind drake
   734 | D        | Reached skill level 13 in Maces & Flails
   738 | D        | Killed a centaur warrior
   872 | D        | Noticed a cane toad
   878 | D        | Reached skill level 14 in Maces & Flails
   881 | D        | Killed a cane toad
   901 | D        | Reached skill level 15 in Maces & Flails
   901 | D        | Reached XP level 10. HP: 79/102 MP: 9/9
   987 | D        | Noticed a cane toad
   987 | D        | Noticed a black mamba
   987 | D        | Noticed a cane toad
   987 | D        | Noticed a cane toad
   987 | D        | Noticed a six-headed hydra
   990 | D        | Noticed a cane toad
   992 | D        | Killed a six-headed hydra
   998 | D        | Killed a cane toad
   999 | D        | Reached skill level 16 in Maces & Flails
  1000 | D        | Noticed an elephant
  1004 | D        | Noticed an eight-headed hydra
  1005 | D        | Killed a cane toad
  1011 | D        | Killed a black mamba
  1272 | D        | Killed a cane toad
  1275 | D        | Killed a cane toad
  1276 | D        | Reached skill level 17 in Maces & Flails
  1276 | D        | Reached skill level 5 in Stealth
  1281 | D        | Killed an elephant
  1282 | D        | Reached skill level 15 in Fighting
  1282 | D        | Reached skill level 15 in Armour
  1287 | D        | Killed an eight-headed hydra
  1579 | D        | Reached skill level 18 in Maces & Flails
  1588 | D        | Reached XP level 11. HP: 107/113 MP: 10/10
  1649 | D        | Noticed Josephine
  1665 | D        | Killed Josephine
  1721 | D        | Noticed Urug
  1733 | D        | Killed Urug
  1734 | D        | Reached skill level 19 in Maces & Flails
  1736 | D        | Noticed Eustachio
  1742 | D        | Killed Eustachio
  1775 | D        | Noticed Joseph
  1782 | D        | Killed Joseph
  2008 | D        | Noticed an orc knight
  2026 | D        | Killed an orc knight
  2177 | D        | Noticed an orc knight
  2185 | D        | Noticed an orc knight
  2190 | D        | Reached skill level 1 in Evocations
  2200 | D        | Killed an orc knight
  2204 | D        | Killed an orc knight
  2205 | D        | Reached skill level 20 in Maces & Flails
  2640 | D        | Found Qesonese's Distillery.
  2640 | D        | Noticed an ogre mage
  2640 | D        | Noticed a deep troll
  2640 | D        | Noticed a deep troll
  2642 | D        | Noticed a deep troll
  2650 | D        | Killed a deep troll
  2660 | D        | Killed a deep troll
  2661 | D        | Reached skill level 1 in Throwing
  2671 | D        | Noticed a deep troll
  2673 | D        | Killed an ogre mage
  2674 | D        | Found Renomaumn's Antique Weapon Shop.
  2677 | D        | Killed a deep troll
  2678 | D        | Reached XP level 12. HP: 33/128 MP: 11/11
  2861 | D        | Reached skill level 21 in Maces & Flails
  2905 | D        | Found Seuptyph's Armour Boutique.
  2909 | D        | Found Meqomod's Distillery.
  2938 | D        | Noticed an ettin
  2939 | D        | Noticed an ettin
  2947 | D        | Killed an ettin
  2949 | D        | Killed an ettin
  3178 | D        | Bought a potion of invisibility for 96 gold pieces
  3178 | D        | Bought a potion of berserk rage for 60 gold pieces
  3178 | D        | Bought a potion of haste for 120 gold pieces
  3182 | D        | Bought the +1 pair of gloves of Compassion {rC+ rCorr} for
                  | 349 gold pieces
  3184 | D        | Bought a potion of haste for 100 gold pieces
  3184 | D        | Bought a potion of curing for 30 gold pieces
  3184 | D        | Bought a potion of heal wounds for 50 gold pieces
  3184 | D        | Bought a potion of might for 40 gold pieces
  3212 | D        | Noticed Gastronok
  3224 | D        | Killed Gastronok
  3257 | D        | Noticed Erolcha
  3266 | D        | Killed Erolcha
  3404 | D        | Bought an obsidian-encrusted plate armour for 728 gold
                  | pieces
  3404 | D        | Identified the +3 plate armour of Gestures {rElec rF-
                  | Int+2} (You bought it in a shop in the Dungeon)
  3415 | D        | Bought a pair of glowing boots for 195 gold pieces
  3415 | D        | Bought a runed plate armour for 676 gold pieces
  3640 | D        | Noticed an ice dragon
  3652 | D        | Noticed a stone giant
  3666 | D        | Noticed an ice dragon
  3667 | D        | Reached skill level 22 in Maces & Flails
  3677 | D        | Killed a stone giant
  3678 | D        | Killed an ice dragon
  3679 | D        | Reached skill level 15 in Shields
  3680 | D        | Noticed a spriggan air mage
  3683 | D        | Killed an ice dragon
  3685 | D        | Noticed an ice dragon
  3685 | D        | Noticed a fire giant
  3690 | D        | Killed a spriggan air mage
  3696 | D        | Killed an ice dragon
  3724 | D        | Killed a fire giant
  3725 | D        | Reached XP level 13. HP: 46/143 MP: 6/12
  4149 | D        | Noticed Psyche
  4156 | D        | Killed Psyche
  4272 | D        | Reached skill level 23 in Maces & Flails
  4298 | D        | Shot with an arrow by a satyr

Illustrated notes

Levels and vault maps discovered:
D:        linesprint [early_d, line_temple, items_1, d_10, items_2, lair_1,
          lair_end, items_3, orc_1, orc_end, items_4, d_15, swamp_1, shoals_1,
          snake_1, spider_1, d_20, vaults_1, items_5, swamp_end, shoals_end,
          snake_end, spider_end, vaults_end, d_27, items_6, zot_1, zot_end,
          crypt_end, forest_end, elf_end, slime_end, tomb_end, abyss_end,
          pan_hell_end]

Skill      XL: |  1  2  3  4  5  6  7  8  9 10 11 12 13 |
---------------+----------------------------------------+-----
Fighting       | 4 6 7 8 10 11 12 13 15 18 21 | 21.6
Armour         | 4 6 7 8 10 12 14 15 16 18 19 | 19.4
Shields        | 4 6 7 8 9 10 11 12 13 15 | 15.5
Maces & Flails | 4 6 8 10 12 15 18 20 22 23 | 23.0
Dodging        | 1 2 3 4 5 6 7 |  7.8
Stealth        | 1 3 5 6 |  6.0
Evocations     | 2 3 4 |  4.1
Throwing       | 1 3 4 |  4.1
Unarmed Combat | |  0.4

Action                   |  1- 3 |  4- 6 |  7- 9 | 10-12 | 13-15 || total
-------------------------+-------+-------+-------+-------+-------++-------
Melee: Flail             |    27 |    18 |       |       |       ||    45
       Headbutt          |     4 |     3 |     6 |    59 |    10 ||    82
       Morningstar       |       |     8 |    55 |    97 |       ||   160
       Eveningstar       |       |       |       |   202 |    42 ||   244
       Unarmed           |       |       |       |       |     1 ||     1
Throw: Javelin           |       |       |       |     6 |     6 ||    12
Invok: Potion Petition   |       |       |       |     1 |       ||     1
       Call Merchant     |       |       |       |     1 |       ||     1
Evoke: Wand              |       |       |       |    10 |     6 ||    16
  Use: Potion            |     1 |     2 |     2 |     5 |     4 ||    14
       Scroll            |       |       |       |     1 |     1 ||     2
 Stab: Invisible         |       |       |     4 |       |       ||     4
       Distracted        |       |       |       |     1 |       ||     1
Armor: Scale mail        |    16 |    12 |       |       |       ||    28
       Chain mail        |       |     3 |    19 |    53 |       ||    75
       Plate armour      |       |       |       |    24 |    12 ||    36
Dodge: Dodged            |    15 |     7 |    19 |   128 |    15 ||   184
Block: Buckler           |    12 |     8 |    11 |    69 |     9 ||   109

Table legend: (Time is in decaauts)
 A = Elapsed time spent in this place.
 B = Non-inter-level travel time spent in this place.
 C = Inter-level travel time spent in this place.
 D = Time resting spent in this place.
 E = Time spent auto-exploring this place.
 F = Levels seen in this place.
 G = Mean time per level.
                   A        B        C        D        E       F      G
               +--------+--------+--------+--------+--------+-----+--------+
         Total |   4232 |   4232 |      0 |   2249 |    525 |   1 | 4232.0 |
       Dungeon |   4232 |   4232 |      0 |   2249 |    525 |   1 | 4232.0 |
               +--------+--------+--------+--------+--------+-----+--------+

Top non-repeatable levels by time:
       D: 4232 daAuts
